 Dungeon Crawl Stone Soup version 0.31-a0-175-g9f7f995f2b (webtiles) character file.

Game seed: 414955327413955980

598 qw the Chopper (level 7, -9/43 HPs)
             Began as a Gargoyle Fighter on June 17, 2023.
             Killed by divine providence
             ... invoked by an orc priest
              (12 damage)
             ... on level 5 of the Dungeon.
             The game lasted 00:02:01 (3335 turns).

qw the Chopper (Gargoyle Fighter)                   Turns: 3335, Time: 00:02:02

Health: -9/43      AC: 18    Str: 22    XL:     7   Next: 40%
Magic:  7/7        EV:  6    Int:  8    God:
Gold:   220        SH:  0    Dex:  9    Spells: 6/6 levels left

rFire   + . .        Y - +2 war axe
rCold   . . .        c - +0 buckler
rNeg    + . .        i - +0 plate armour
rPois   inf          l - +0 helmet
rElec   +            (no cloak)
rCorr   .            e - +0 pair of gloves
SInv    +            (no boots)
Will    .....        (no amulet) Stlth
                     m - ring of see invisible
HPRegen 0.27/turn    n - ring of protection from fire
MPRegen 0.10/turn

%: no passive effects
@: confused
A: sickness immunity, AC +4, negative energy resistance 1, electricity
resistance, torment resistance 1, petrification resistance
a: no special abilities


You were on level 5 of the Dungeon.
You visited 1 branch of the dungeon, and saw 5 of its levels.

You collected 289 gold pieces.
You spent 69 gold pieces at shops.


Innate Abilities, Weirdness & Mutations

You are immune to sickness and miasma.
Your stone body is resilient. (AC +4)
You are immune to poison.
You resist negative energy. (rN+)
You are resistant to electric shocks. (rElec)
You are resistant to unholy torment.
You are immune to petrification.


   Skills:
 - Level 4.0 Fighting
 + Level 6.5 Axes
 - Level 4.0 Armour
 - Level 1.0 Dodging
 - Level 3.2 Shields


You had 6 spell levels left.
You didn't know any spells.
Your spell library was empty.

Inventory:

Hand Weapons
 p - a +0 flail
 Y - a +2 war axe (weapon)
Armour
 c - a +0 buckler (worn)
 e - a +0 pair of gloves (worn)
 i - a +0 plate armour (worn)
 l - a +0 helmet (worn)
Jewellery
 m - a ring of see invisible (left hand)
 n - a ring of protection from fire (right hand)
Scrolls
 a - a scroll of teleportation
 f - a scroll of identify
Potions
 d - 4 potions of might
 g - 2 potions of mutation
 j - a potion of haste
 k - a potion of heal wounds {unknown}
 o - a potion of ambrosia {unknown}

Dungeon Overview and Level Annotations

Branches:
Dungeon (5/15)
 Temple: D:4-7

Altars:

Shops:
D:3 (   D:4 (

Annotations:
D:5 Grinder


Message History

The orc wizard gestures at you while chanting.
You resist with some effort.
The orc priest hits you but does no damage.
The orc hits you but does no damage.
The black bear bites you but does no damage.
The black bear claws you but does no damage. x2
The orc wizard completely misses you.
The orc priest hits you but does no damage.
The orc hits you but does no damage. The black bear barely misses you.
The black bear claws you but does no damage.
The black bear claws you.
The orc wizard hits you but does no damage.
The orc priest hits you but does no damage.
The orc hits you but does no damage. The black bear barely misses you.
The black bear claws you but does no damage. x2
The orc wizard gestures at you while chanting.
The magic dart hits you but does no damage.
The orc priest barely misses you. The orc hits you but does no damage.
The black bear closely misses you. The black bear claws you.
The black bear claws you but does no damage.
The orc wizard casts a spell at you.
The magic dart hits you but does no damage.
The orc priest hits you but does no damage.
The orc hits you but does no damage.
The black bear bites you but does no damage.
The black bear claws you. The black bear barely misses you.
The orc wizard hits you but does no damage.
The orc priest closely misses you. The orc completely misses you.
The black bear bites you.
The black bear claws you but does no damage. x2
Grinder blinks!
The orc wizard completely misses you. The orc priest closely misses you.
The orc hits you but does no damage.
The black bear bites you but does no damage.
The black bear claws you. The black bear closely misses you.
The orc wizard hits you with a +0 dagger.
The orc priest mumbles some strange prayers to Beogh against you.
Beogh smites you!
You die...

#.. !# #. #..... ..
##.. ..... . 5...
#<..##. ..# #..#ยค.
....# # #.....#.#..#
#.##..h#o..##..
.#....#.@o.....#
........#o.....#
.######.######## #.#[#
#.#.####
#####).....###
#...###......####
######.#.###.#.#.....#
#.
#............#......#
#.


You could see Grinder, a black bear, an orc priest, an orc wizard and an orc.

Vanquished Creatures
  A phantom (D:4)
  2 bullfrogs (D:5)
  A hound (D:4)
  Ijyb (D:3)
  An iguana (D:5)
  Natasha (thrice) (D:4)
  2 orc wizards
  7 adders
  3 dart slugs
  A worm (D:2)
  10 orcs
  6 ball pythons
  9 bats
  16 endoplasms
  7 giant cockroaches
  4 goblins
  5 hobgoblins
  8 jackals
  4 quokkas
  3 frilled lizards
  5 kobolds
  9 rats
108 creatures vanquished.

Notes
Turn   | Place    | Note
-------+----------+-------------------------------------------
     0 | D:1      | qw the Gargoyle Fighter began the quest for the Orb.
     0 | D:1      | Reached XP level 1. HP: 14/14 MP: 1/1
     0 | D:1      | 0 ||| qw: Version: 0.3-a-2-g5ab2908
     0 | D:1      | 0 ||| qw: Game counter: 166
     0 | D:1      | 0 ||| qw: Always use a shield: true
     0 | D:1      | 0 ||| qw: God list: Okawaru
     0 | D:1      | 0 ||| qw: Allow faded altars: false
     0 | D:1      | 0 ||| qw: Do Orc after D:15 true
     0 | D:1      | 0 ||| qw: Do second Lair branch before Depths: true
     0 | D:1      | 0 ||| qw: Lair rune preference: random
     0 | D:1      | 0 ||| qw: Plans: Normal, Zot:1-4, Slime:5, God:TSO, Crypt,
                  | Tomb, Abyss, Pan, Hells, Win
     0 | D:1      | 0 ||| PLANNING D:1-11
    28 | D:1      | Reached skill level 2 in Axes
   108 | D:1      | Reached XP level 2. HP: 19/19 MP: 2/2
   124 | D:1      | Found a faded altar of an unknown god.
   419 | D:1      | Reached skill level 3 in Axes
   445 | D:1      | Reached XP level 3. HP: 23/23 MP: 3/3
   727 | D:1      | 727 ||| UPGRADING to +0 pair of gloves.
   732 | D:1      | 732 ||| READING scroll labelled UTILINTAOQI.
   733 | D:1      | 733 ||| READING scroll labelled VAKOYJAGAC.
   734 | D:1      | 734 ||| READING scroll labelled WADDAI YSHE.
   764 | D:2      | 764 ||| STAIRDANCE
   930 | D:2      | 930 ||| Stepping ~*~*~tactically~*~*~ (stealth).
   954 | D:2      | 954 ||| Stepping ~*~*~tactically~*~*~ (stealth).
  1102 | D:2      | Reached XP level 4. HP: 27/28 MP: 4/4
  1113 | D:2      | 1113 ||| Stepping ~*~*~tactically~*~*~ (stealth).
  1114 | D:2      | 1114 ||| Stepping ~*~*~tactically~*~*~ (stealth).
  1115 | D:2      | 1115 ||| Stepping ~*~*~tactically~*~*~ (stealth).
  1134 | D:2      | Reached skill level 4 in Axes
  1313 | D:2      | 1313 ||| UPGRADING to +0 helmet.
  1318 | D:2      | 1318 ||| UPGRADING to ring of see invisible.
  1319 | D:2      | 1319 ||| READING scroll labelled OFOICI ESIU.
  1320 | D:2      | 1320 ||| READING scroll labelled BUMPUMUSKY.
  1421 | D:2      | 1421 ||| READING scroll labelled ORGHEAZ CETSY.
  1496 | D:3      | Found Areor's Antique Weapon Boutique.
  1501 | D:3      | 1501 ||| SHOPLISTING glowing morningstar (161 gold, have
                  | 149).
  1501 | D:3      | 1501 ||| BUYING mace (69 gold).
  1501 | D:3      | Bought a mace for 69 gold pieces
  1501 | D:3      | 1501 ||| SHOPLISTING morningstar (92 gold, have 80).
  1501 | D:3      | 1501 ||| DROPPING +0 whip.
  1634 | D:3      | 1634 ||| Stepping ~*~*~tactically~*~*~ (stealth).
  1635 | D:3      | 1635 ||| Stepping ~*~*~tactically~*~*~ (stealth).
  1637 | D:3      | 1637 ||| Stepping ~*~*~tactically~*~*~ (stealth).
  1638 | D:3      | 1638 ||| Stepping ~*~*~tactically~*~*~ (stealth).
  1644 | D:3      | 1644 ||| Stepping ~*~*~tactically~*~*~ (hiding).
  1645 | D:3      | 1645 ||| Stepping ~*~*~tactically~*~*~ (hiding).
  1665 | D:3      | Reached XP level 5. HP: 24/32 MP: 5/5
  1787 | D:3      | Noticed Ijyb
  1803 | D:3      | Killed Ijyb
  1804 | D:3      | Reached skill level 5 in Axes
  1871 | D:3      | 1871 ||| Stepping ~*~*~tactically~*~*~ (hiding).
  1894 | D:3      | 1894 ||| READING scroll of enchant weapon.
  1894 | D:3      | 1894 ||| ENCHANTING +1 war axe.
  1918 | D:3      | 1918 ||| Stepping ~*~*~tactically~*~*~ (hiding).
  2381 | D:3      | 2381 ||| READING scroll labelled YBAOPL EJYOZXU.
  2382 | D:3      | 2382 ||| DRINKING 2 smoky cyan potions.
  2383 | D:3      | 2383 ||| READING 2 scrolls of identify.
  2383 | D:3      | 2383 ||| IDENTIFYING metallic grey potion
  2416 | D:4      | Found Jaafess's Weapon Shop.
  2424 | D:4      | 2424 ||| DRINKING potion of curing.
  2424 | D:4      | 2424 ||| (to cure confusion)
  2432 | D:4      | Reached skill level 1 in Dodging
  2432 | D:4      | Reached XP level 6. HP: 29/38 MP: 6/6
  2543 | D:4      | 2543 ||| DROPPING +0 mace.
  2574 | D:4      | 2574 ||| SHOPLISTING +1 heavy broad axe (156 gold, have
                  | 147).
  2628 | D:4      | Noticed Natasha
  2629 | D:4      | 2629 ||| Stepping ~*~*~tactically~*~*~ (hiding).
  2646 | D:4      | Killed Natasha
  2711 | D:4      | Noticed Natasha
  2719 | D:4      | Killed Natasha
  2783 | D:4      | Noticed Natasha
  2795 | D:4      | Killed Natasha
  2860 | D:4      | Reached skill level 6 in Axes
  2925 | D:4      | Reached XP level 7. HP: 43/43 MP: 7/7
  3051 | D:4      | 3051 ||| UPGRADING to +0 chain mail.
  3061 | D:4      | 3061 ||| DROPPING +0 scale mail.
  3062 | D:4      | 3062 ||| UPGRADING to +0 plate armour.
  3072 | D:4      | 3072 ||| DROPPING +0 chain mail.
  3073 | D:4      | 3073 ||| UPGRADING to ring of protection from fire.
  3074 | D:4      | 3074 ||| READING 2 scrolls of identify.
  3074 | D:4      | 3074 ||| IDENTIFYING ruby potion
  3095 | D:5      | Entered Level 5 of the Dungeon
  3311 | D:5      | Noticed Grinder
  3332 | D:5      | HP: 10/43 [black bear (2)]
  3335 | D:5      | HP: 4/43 [black bear (3)]
  3335 | D:5      | Killed from afar by an orc priest

Levels and vault maps discovered:
D:1:      lightli_arrival_chessboard, layout_loops_ring,
          hellmonk_ecumenical_altar_crossroads
D:2:      layout_rooms, minmay_pentomino_pile
D:3:      layout_basic, serial_shops, nicolae_shop_hallway_stairs,
          minmay_diced_spiral, uniq_ijyb
D:4:      layout_rooms, serial_shops, nicolae_shop_peninsula, uniq_natasha
D:5:      layout_basic, chequers_temple_overflow_statue_of_worship,
          jmf_multi_god_temple2, minmay_temple_entry_mini_moons,
          minmay_misc_feat_chi, uniq_grinder, uniq_sigmund

Skill      XL: |  1  2  3  4  5  6  7 |
---------------+----------------------+-----
Axes           | 2 3 4 5 6 |  6.5
Fighting       | 4 |  4.0
Dodging        | 1 |  1.0
Armour         | 4 |  4.0
Shields        | |  3.2

Action                     |  1- 3 |  4- 6 |  7- 9 || total
---------------------------+-------+-------+-------++-------
  Melee: War axe           |   124 |   156 |    27 ||   307
    Use: Scroll            |     3 |     6 |     1 ||    10
         Potion            |       |     2 |       ||     2
 Armour: Scale mail        |    69 |   101 |       ||   170
         Plate armour      |       |       |    74 ||    74
  Dodge: Dodged            |    69 |    73 |    33 ||   175
  Block: Buckler           |    21 |    37 |     8 ||    66

Table legend:
 A = Non-vault XP
 B = Vault XP
 C = Vault XP percentage of total XP
 D = Non-vault monster count
 E = Vault monster count
 F = Vault count percentage of total count
                 A         B        C        D         E       F
            +---------+---------+-------+---------+---------+-------
      Total |     746 |     109 |  12.7 |      96 |      12 |  11.1
            +---------+---------+-------+---------+---------+-------
        D:1 |      45 |       0 |   0.0 |      26 |       0 |   0.0
        D:2 |      36 |      24 |  40.0 |      21 |       6 |  22.2
        D:3 |     102 |      50 |  32.9 |      18 |       5 |  21.7
        D:4 |     330 |      35 |   9.6 |      26 |       1 |   3.7
        D:5 |     233 |       0 |   0.0 |       5 |       0 |   0.0
            +---------+---------+-------+---------+---------+-------
